| TOP OF THE 1ST |
|
Vancouver Canadians batting - Pitching for Chicago (NYP) White Sox : RHP Ari Kuusinen
|
|
Pitching: RHP Ari Kuusinen
|
|
|
Batting: RHB Kennet Strijbis
|
0-0: Foul Ball, location: 2F 0-1: Ball 1-1: Reached on error, E6 (Groundball, 6, EV 88.1 MPH)
|
|
Batting: RHB George King
|
0-0: Foul Ball, location: 2F 0-1: Ball 1-1: Foul Ball, location: 2F 1-2: Fly out, F8 (Line Drive, 8RM, EV 97.5 MPH)
|
|
Batting: RHB Paul Healy
|
0-0: Ball 1-0: Called Strike 1-1: Foul Ball, location: 2F 1-2: Ball 2-2: Ball 3-2: Foul Ball, location: 2F 3-2: TRIPLE (Groundball, 3L, EV 102.5 MPH) Kennet Strijbis scores
|
|
Batting: RHB Nikita Schram
|
0-0: Ball 1-0: Reached on error, E4 (Groundball, 4, EV 90.6 MPH) Paul Healy scores
|
|
Batting: RHB Carlos Renteria
|
0-0: Ball Nikita Schram is caught stealing 2nd base 2-4 1-0: Ground out 1-3 (Groundball, P, EV 69.4 MPH)
|
| Top of the 1st over - 2 runs, 1 hit, 2 errors, 0 left on base; Vancouver 2 - Chicago (NYP) 0 |
| BOTTOM OF THE 1ST |
|
Chicago (NYP) White Sox batting - Pitching for Vancouver Canadians : RHP John York
|
|
Pitching: RHP John York
|
|
|
Batting: SHB Tomas Caldera
|
0-0: Called Strike 0-1: Ball 1-1: SINGLE (Groundball, 34S, EV 68.8 MPH) (infield hit)
|
|
Batting: RHB Bastiaan Leenders
|
0-0: Fly out, F8 (Flyball, 8LD, EV 82.5 MPH)
|
|
Batting: SHB Veit Geisler
|
0-0: Called Strike 0-1: Called Strike 0-2: Foul Ball, location: 2F Pickoff Throw to First - Out! 1-3 0-2: Foul Ball, location: 2F 0-2: Ground out 4-3 (Groundball, 34, EV 88.1 MPH)
|
| Bottom of the 1st over - 0 runs, 1 hit, 0 errors, 0 left on base; Vancouver 2 - Chicago (NYP) 0 |
| TOP OF THE 2ND |
|
Vancouver Canadians batting - Pitching for Chicago (NYP) White Sox : RHP Ari Kuusinen
|
|
Batting: LHB Ray Whitehead
|
0-0: Ball 1-0: Foul Ball, location: 2F 1-1: Ground out 4-3 (Groundball, 4, EV 88.1 MPH)
|
|
Batting: RHB Norm Mercer
|
0-0: Hit by Pitch
|
|
Batting: RHB Dan Hilyer
|
0-0: Swinging Strike 0-1: Ground out 5-3 (Groundball, 56S, EV 60.6 MPH) Norm Mercer to second
|
|
Batting: RHB Luis Vargas
|
0-0: Foul Ball, location: 2F 0-1: Swinging Strike 0-2: Ground out 6-3 (Groundball, 6, EV 80.6 MPH)
|
| Top of the 2nd over - 0 runs, 0 hits, 0 errors, 1 left on base; Vancouver 2 - Chicago (NYP) 0 |
| BOTTOM OF THE 2ND |
|
Chicago (NYP) White Sox batting - Pitching for Vancouver Canadians : RHP John York
|
|
Batting: RHB Tony Garcia
|
0-0: Ball 1-0: Fly out, F9 (Flyball, 89M, EV 82.5 MPH)
|
|
Batting: RHB Tyrell Camp
|
0-0: Ball 1-0: Swinging Strike 1-1: Foul Ball, location: 2F 1-2: Strikes out swinging
|
|
Batting: SHB Andres Agudo
|
0-0: Ball 1-0: Swinging Strike 1-1: Ball 2-1: Called Strike 2-2: Foul Ball, location: 2F 2-2: Strikes out looking
|
| Bottom of the 2nd over - 0 runs, 0 hits, 0 errors, 0 left on base; Vancouver 2 - Chicago (NYP) 0 |
| TOP OF THE 3RD |
|
Vancouver Canadians batting - Pitching for Chicago (NYP) White Sox : RHP Ari Kuusinen
|
|
Batting: RHB Kennet Strijbis
|
0-0: Foul Ball, location: 2F 0-1: Foul Ball, location: 2F 0-2: Ball 1-2: Ball 2-2: Strikes out looking
|
|
Batting: RHB George King
|
0-0: Ball 1-0: Ball 2-0: Ball 3-0: Called Strike 3-1: Foul Ball, location: 2F 3-2: Foul Ball, location: 2F 3-2: Foul Ball, location: 2F 3-2: Base on Balls
|
|
Batting: RHB Paul Healy
|
0-0: Ground out 5-3 (Groundball, 56S, EV 70.0 MPH) George King to second
|
|
Batting: RHB Nikita Schram
|
0-0: Fly out, F9 (Flyball, 89D, EV 94.4 MPH)
|
| Top of the 3rd over - 0 runs, 0 hits, 0 errors, 1 left on base; Vancouver 2 - Chicago (NYP) 0 |
| BOTTOM OF THE 3RD |
|
Chicago (NYP) White Sox batting - Pitching for Vancouver Canadians : RHP John York
|
|
Batting: RHB Yorkis Saiki
|
0-0: Swinging Strike 0-1: Ball 1-1: Ball 2-1: Foul Ball, location: 2F 2-2: Foul Ball, location: 2F 2-2: Strikes out looking
|
|
Batting: RHB Eduardo Calderon
|
0-0: DOUBLE (Line Drive, 8LXD, EV 103.8 MPH)
|
|
Batting: SHB Noah Long
|
0-0: Ball 1-0: Ball 2-0: Foul Ball, location: 2F 2-1: Foul Ball, location: 2F 2-2: Foul Ball, location: 2F 2-2: Foul Ball, location: 2F 2-2: Fly out, F7 (Line Drive, 7, EV 97.5 MPH)
|
|
Batting: SHB Tomas Caldera
|
0-0: Ball 1-0: Ball 2-0: SINGLE (Groundball, 6M, EV 98.8 MPH) (infield hit) Eduardo Calderon to third
|
|
Batting: RHB Bastiaan Leenders
|
0-0: Fly out, F7 (Line Drive, 7, EV 85.6 MPH)
|
| Bottom of the 3rd over - 0 runs, 2 hits, 0 errors, 2 left on base; Vancouver 2 - Chicago (NYP) 0 |
| TOP OF THE 4TH |
|
Vancouver Canadians batting - Pitching for Chicago (NYP) White Sox : RHP Ari Kuusinen
|
|
Batting: RHB Carlos Renteria
|
0-0: Called Strike 0-1: Swinging Strike 0-2: Foul Ball, location: 2F 0-2: Ball 1-2: Strikes out looking
|
|
Batting: LHB Ray Whitehead
|
0-0: SINGLE (Line Drive, 3L, EV 95.6 MPH)
|
|
Batting: RHB Norm Mercer
|
0-0: Ball Ray Whitehead is caught stealing 2nd base 2-4 1-0: Swinging Strike 1-1: Ground out U3 (Groundball, 3, EV 100.0 MPH)
|
| Top of the 4th over - 0 runs, 1 hit, 0 errors, 0 left on base; Vancouver 2 - Chicago (NYP) 0 |
| BOTTOM OF THE 4TH |
|
Chicago (NYP) White Sox batting - Pitching for Vancouver Canadians : RHP John York
|
|
Batting: SHB Veit Geisler
|
0-0: Foul Ball, location: 2F 0-1: Called Strike 0-2: Reached on error, E4 (Groundball, 34, EV 87.5 MPH)
|
|
Batting: RHB Tony Garcia
|
0-0: Foul Ball, location: 2F 0-1: Ball 1-1: Swinging Strike 1-2: Ball 2-2: Ball 3-2: Ground out 5-3 (Groundball, 56, EV 101.9 MPH)
|
|
Batting: RHB Tyrell Camp
|
0-0: Ball 1-0: Called Strike 1-1: Ball 2-1: Ball 3-1: DOUBLE (Groundball, 5L, EV 94.4 MPH) Veit Geisler scores
|
|
Batting: SHB Andres Agudo
|
0-0: Ground out 6-3 (Groundball, 6, EV 88.1 MPH)
|
|
Batting: RHB Yorkis Saiki
|
0-0: Ball 1-0: Swinging Strike 1-1: Ground out 4-3 (Groundball, 4S, EV 83.8 MPH)
|
| Bottom of the 4th over - 1 run, 1 hit, 1 error, 1 left on base; Vancouver 2 - Chicago (NYP) 1 |
| TOP OF THE 5TH |
|
Vancouver Canadians batting - Pitching for Chicago (NYP) White Sox : RHP Ari Kuusinen
|
|
Batting: RHB Dan Hilyer
|
0-0: Ball 1-0: SINGLE (Groundball, 56D, EV 96.2 MPH)
|
|
Batting: RHB Luis Vargas
|
0-0: Fly out, F8 (Flyball, 8RD, EV 110.6 MPH)
|
|
Batting: RHB Kennet Strijbis
|
0-0: Called Strike 0-1: Foul Ball, location: 2F 0-2: TRIPLE (Flyball, 78XD, EV 95.6 MPH) Dan Hilyer scores
|
|
Batting: RHB George King
|
0-0: Foul Ball, location: 2F 0-1: Called Strike 0-2: Foul Ball, location: 2F 0-2: Ball 1-2: Ball 2-2: Ball 3-2: Ground out 5-3 (Groundball, 56, EV 101.2 MPH)
|
|
Batting: RHB Paul Healy
|
0-0: Ball 1-0: Foul Ball, location: 2F 1-1: Ball 2-1: Foul Ball, location: 2F 2-2: Ball 3-2: Strikes out swinging
|
| Top of the 5th over - 1 run, 2 hits, 0 errors, 1 left on base; Vancouver 3 - Chicago (NYP) 1 |
| BOTTOM OF THE 5TH |
|
Chicago (NYP) White Sox batting - Pitching for Vancouver Canadians : RHP John York
|
|
Batting: RHB Eduardo Calderon
|
0-0: Ball 1-0: SINGLE (Line Drive, 4M, EV 98.8 MPH)
|
|
Batting: SHB Noah Long
|
0-0: Fielders Choice at 2nd, 1-6 (Groundball, 13S, EV 66.9 MPH)
|
|
Batting: SHB Tomas Caldera
|
0-0: Called Strike 0-1: Foul Ball, location: 2F 0-2: Fielders Choice at 2nd, 3-6 (Groundball, 3S, EV 85.0 MPH)
|
|
Batting: RHB Bastiaan Leenders
|
0-0: Ball 1-0: Called Strike Tomas Caldera is caught stealing 2nd base 2-4
|
| Bottom of the 5th over - 0 runs, 1 hit, 0 errors, 0 left on base; Vancouver 3 - Chicago (NYP) 1 |
| TOP OF THE 6TH |
|
Vancouver Canadians batting - Pitching for Chicago (NYP) White Sox : RHP Ari Kuusinen
|
|
Batting: RHB Nikita Schram
|
0-0: Ball 1-0: Ball 2-0: Ground out 5-3 (Groundball, 56, EV 107.5 MPH)
|
|
Batting: RHB Carlos Renteria
|
0-0: Ground out 5-3 (Groundball, 56, EV 105.6 MPH)
|
|
Batting: LHB Ray Whitehead
|
0-0: Foul Ball, location: 2F 0-1: Ball 1-1: Foul Ball, location: 2F 1-2: Foul Ball, location: 2F 1-2: Ground out 4-3 (Groundball, 4, EV 101.2 MPH)
|
| Top of the 6th over - 0 runs, 0 hits, 0 errors, 0 left on base; Vancouver 3 - Chicago (NYP) 1 |
| BOTTOM OF THE 6TH |
|
Chicago (NYP) White Sox batting - Pitching for Vancouver Canadians : RHP John York
|
|
Batting: RHB Bastiaan Leenders
|
0-0: Ball 1-0: Ball 2-0: Swinging Strike 2-1: SINGLE (Groundball, 34S, EV 63.8 MPH) (infield hit)
|
|
Batting: SHB Veit Geisler
|
0-0: Foul Ball, location: 2F 0-1: Swinging Strike 0-2: Foul Ball, location: 2F 0-2: Strikes out swinging
|
|
Batting: RHB Tony Garcia
|
0-0: Called Strike 0-1: Foul Ball, location: 2F 0-2: Ball 1-2: Ball 2-2: Foul Ball, location: 2F 2-2: Ball 3-2: Fly out, F4 (Popup, 34, EV 79.4 MPH)
|
|
Batting: RHB Tyrell Camp
|
0-0: Called Strike 0-1: Called Strike 0-2: Ball Bastiaan Leenders is caught stealing 2nd base 2-4
|
| Bottom of the 6th over - 0 runs, 1 hit, 0 errors, 0 left on base; Vancouver 3 - Chicago (NYP) 1 |
| TOP OF THE 7TH |
|
Vancouver Canadians batting - Pitching for Chicago (NYP) White Sox : RHP Ari Kuusinen
|
|
Batting: RHB Norm Mercer
|
0-0: Ball 1-0: Ball 2-0: Ball 3-0: Ground out 3-1 (Groundball, 3L, EV 103.8 MPH)
|
|
Batting: RHB Dan Hilyer
|
0-0: Hit by Pitch
|
|
Batting: RHB Luis Vargas
|
0-0: Foul Ball, location: 2F 0-1: Called Strike Dan Hilyer steals 2nd base 0-2: Strikes out swinging
|
|
Batting: RHB Kennet Strijbis
|
0-0: Ball 1-0: Ball 2-0: Fly out, F6 (Flyball, 6D, EV 86.9 MPH)
|
| Top of the 7th over - 0 runs, 0 hits, 0 errors, 1 left on base; Vancouver 3 - Chicago (NYP) 1 |
| BOTTOM OF THE 7TH |
|
Chicago (NYP) White Sox batting - Pitching for Vancouver Canadians : RHP John York
|
|
Batting: RHB Tyrell Camp
|
0-0: Foul Ball, location: 2F 0-1: Ball 1-1: Fly out, F8 (Line Drive, 8LD, EV 94.4 MPH)
|
|
Batting: SHB Andres Agudo
|
0-0: Ball 1-0: Called Strike 1-1: SINGLE (Flyball, 8LS, EV 93.1 MPH)
|
|
Batting: RHB Yorkis Saiki
|
0-0: Ball 1-0: Grounds into double play, 6-4-3 (Groundball, 56, EV 105.0 MPH)
|
| Bottom of the 7th over - 0 runs, 1 hit, 0 errors, 0 left on base; Vancouver 3 - Chicago (NYP) 1 |
| TOP OF THE 8TH |
|
Vancouver Canadians batting - Pitching for Chicago (NYP) White Sox : RHP Ari Kuusinen
|
|
Batting: RHB George King
|
0-0: Ball 1-0: Foul Ball, location: 2F 1-1: Foul Ball, location: 2F 1-2: Strikes out swinging
|
|
Batting: RHB Paul Healy
|
0-0: Foul Ball, location: 2F 0-1: Swinging Strike 0-2: Ball 1-2: Foul Ball, location: 2F 1-2: Foul Ball, location: 2F 1-2: Ball 2-2: Ball 3-2: Foul Ball, location: 2F 3-2: Base on Balls
|
|
Batting: RHB Nikita Schram
|
0-0: Ball 1-0: SINGLE (Groundball, 4MS, EV 67.5 MPH) (infield hit) Paul Healy to second
|
|
Pitching: RHP Mike Ferry
|
|
|
Batting: RHB Carlos Renteria
|
0-0: Foul Ball, location: 2F 0-1: Ball 1-1: Foul Ball, location: 2F 1-2: Fielders Choice at 2nd, 3-6 (Groundball, 34S, EV 86.2 MPH) Paul Healy to third
|
|
Batting: LHB Ray Whitehead
|
0-0: Foul Ball, location: 2F 0-1: Called Strike 0-2: Strikes out looking
|
| Top of the 8th over - 0 runs, 1 hit, 0 errors, 2 left on base; Vancouver 3 - Chicago (NYP) 1 |
| BOTTOM OF THE 8TH |
|
Chicago (NYP) White Sox batting - Pitching for Vancouver Canadians : RHP John York
|
|
Batting: RHB Eduardo Calderon
|
0-0: Ball 1-0: Ball 2-0: Ball 3-0: Called Strike 3-1: Base on Balls
|
|
Batting: SHB Noah Long
|
0-0: Ball 1-0: Ball 2-0: Swinging Strike 2-1: Fly out, F9 (Flyball, 89XD, EV 96.9 MPH)
|
|
Pitching: RHP Danny Cervantes
|
|
|
Batting: SHB Tomas Caldera
|
0-0: Called Strike 0-1: Foul Ball, location: 2F 0-2: Ball 1-2: Strikes out looking
|
|
Pitching: RHP Josh Long
|
|
|
Batting: RHB Bastiaan Leenders
|
0-0: Ball 1-0: Ball 2-0: Called Strike 2-1: Called Strike 2-2: Fielders Choice at 2nd, 6-4 (Groundball, 4M, EV 101.2 MPH)
|
| Bottom of the 8th over - 0 runs, 0 hits, 0 errors, 1 left on base; Vancouver 3 - Chicago (NYP) 1 |
| TOP OF THE 9TH |
|
Vancouver Canadians batting - Pitching for Chicago (NYP) White Sox : RHP Mike Ferry
|
|
Batting: RHB Norm Mercer
|
0-0: Ball 1-0: Ball 2-0: Ball 3-0: Called Strike 3-1: Foul Ball, location: 2F 3-2: Reached on error, E4 (Groundball, 4, EV 103.1 MPH)
|
|
Batting: RHB Dan Hilyer
|
0-0: Called Strike 0-1: Sac Bunt to 23 - play at first, batter OUT! 3-4 Norm Mercer to second
|
|
Pinch Hitting: LHB Devin Huber
|
0-0: Intentional Walk
|
|
Batting: RHB Kennet Strijbis
|
0-0: Called Strike 0-1: Ball 1-1: Ball 2-1: DOUBLE (Flyball, 8RXD, EV 98.8 MPH) Norm Mercer scores Devin Huber to third
|
|
Batting: RHB George King
|
0-0: Ball 1-0: Ball 2-0: Foul Ball, location: 2F 2-1: Ground out 5-3 (Groundball, 56, EV 106.2 MPH) Devin Huber scores
|
|
Batting: RHB Paul Healy
|
0-0: Foul Ball, location: 2F 0-1: Foul Ball, location: 2F 0-2: Ball 1-2: Ground out 6-3 (Groundball, 6, EV 101.2 MPH)
|
| Top of the 9th over - 2 runs, 1 hit, 1 error, 1 left on base; Vancouver 5 - Chicago (NYP) 1 |
| BOTTOM OF THE 9TH |
|
Chicago (NYP) White Sox batting - Pitching for Vancouver Canadians : RHP Josh Long
|
|
Now at C: David Cooper
|
|
|
Batting: SHB Veit Geisler
|
0-0: Called Strike 0-1: Fly out, F7 (Flyball, 7, EV 93.1 MPH)
|
|
Batting: RHB Tony Garcia
|
0-0: Fly out, F8 (Flyball, 89S, EV 73.8 MPH)
|
|
Batting: RHB Tyrell Camp
|
0-0: Ball 1-0: Ball 2-0: Ground out 4-3 (Groundball, 4, EV 85.6 MPH)
|
| Bottom of the 9th over - 0 runs, 0 hits, 0 errors, 0 left on base; Vancouver 5 - Chicago (NYP) 1 |
|